Map: Wolfe Industries Compound

Players

JohnMcClane - Winner!

  • Race: Protoss Protoss
  • League: Gold
  • Spawn Location: 12:00

Hindulaatti - Winner!

  • Race: Terran Terran
  • Spawn Location: 3:00

Triss

  • Race: Protoss Protoss
  • Spawn Location: 7:00

Hiro

  • Race: Zerg Zerg
  • League: Diamond
  • Spawn Location: 7:00

VOD

Have the link to the VOD?

Description

Time

  • Played on: Feb. 4, 2016, 1:44 p.m.
  • Length: 9:29
Show
View Real Time Build Order
Export as new Build Order

JohnMcClane Protoss - Winner!

Build Orders: Blink Stalkers 

Get SALT Encoding   

  12  0:01  Probe (Chrono Boost)  
  13  0:11  Probe (Chrono Boost)  
  14  0:22  Probe (Chrono Boost)  
  14  0:24  Pylon  
  15  0:42  Probe (Chrono Boost)  
  16  0:44  Gateway  
  16  0:52  Probe (Chrono Boost)  
  17  0:59  Assimilator  
  17  1:03  Probe (Chrono Boost)  
  18  1:13  Probe (Chrono Boost)  
  18  1:16  Pylon  
  19  1:24  Probe (Chrono Boost)  
  20  1:32  Cybernetics Core  
  20  1:39  Probe (Chrono Boost)  
  21  1:44  Assimilator  
  21  1:52  Probe (Chrono Boost)  
  22  2:10  Probe (Chrono Boost)  
  22  2:14  Warp Gate (Chrono Boost)  
  23  2:25  Twilight Council  
  23  2:32  Pylon  
  23  2:43  Nexus  
  23  2:45  Gateway  
  23  2:47  Mothership Core  
  25  2:56  Gateway  
  23  3:16  Probe  
  23  3:17  Forge  
  24  3:20  Blink (Chrono Boost)  
  24  3:35  Gateway  
  24  3:41  Probe  
  25  3:46  Pylon  
  25  3:52  Photon Cannon  
  25  4:15  Stalker  
  25  4:16  Photon Cannon  
  27  4:26  Stalker  
  27  4:31  Gateway  
  29  4:35  Protoss Ground Weapons Level 1 (Chrono Boost)  
  29  4:46  Probe  
  29  4:48  Probe  
  31  4:57  Stalker, Probe  
  32  5:23  Pylon  
  32  5:26  Probe  
  33  5:28  Stalker x2  
  37  5:37  Stalker  
  39  5:46  Probe x2  
  39  5:49  Stalker x2  
  43  6:25  Protoss Ground Armor Level 1 (Chrono Boost)  
  43  6:26  Stalker  
  43  6:27  Stalker x3  
  50  6:38  Probe  
  50  6:39  Assimilator  
  50  6:40  Probe  
  52  6:47  Stalker  
  52  6:51  Probe  
  52  6:52  Probe  
  56  6:54  Stalker x2  
  60  7:10  Stalker x2  
  64  7:16  Assimilator  
  64  7:27  Nexus  
  64  7:28  Pylon  
  64  8:08  Probe  
  65  8:19  Stalker x3  
  71  8:20  Stalker x2  
  75  8:43  Probe  
  75  8:44  Probe x2  
  78  9:03  Photon Cannon  
  78  9:07  Photon Cannon  
  78  9:08  Gateway  
  73  9:19  Stalker x3  
  73  9:20  Stalker x2  
Show
View Real Time Build Order
Export as new Build Order

Hindulaatti Terran - Winner!

Build Orders: Command Center First (CC), MMM Bio 

Get SALT Encoding   

  12  0:01  SCV  
  13  0:13  SCV  
  14  0:18  Supply Depot  
  14  0:25  SCV  
  15  0:40  SCV  
  16  0:53  SCV  
  17  1:02  Command Center  
  17  1:05  SCV  
  18  1:28  SCV  
  19  1:37  Command Center  
  19  1:41  SCV  
  20  1:51  Barracks  
  20  1:53  SCV  
  21  2:01  Refinery  
  21  2:06  SCV  
  22  2:20  SCV  
  22  2:21  SCV  
  24  2:34  Engineering Bay, SCV x2  
  26  2:38  Marine  
  27  2:47  Orbital Command  
  27  2:50  Orbital Command  
  27  2:57  Orbital Command  
  26  3:07  Missile Turret  
  26  3:10  Missile Turret  
  26  3:12  Missile Turret  
  26  3:13  Marine  
  26  3:15  SCV  
  26  3:18  SCV  
  29  3:25  Barracks  
  29  3:32  Barracks Tech Lab  
  29  3:34  Refinery  
  29  3:38  SCV x2  
  29  3:39  SCV  
  29  3:40  Factory  
  32  3:50  SCV, Barracks  
  32  3:51  Marine, SCV  
  32  3:52  Stimpack  
  35  3:57  Barracks  
  35  3:59  SCV  
  36  4:03  SCV x2  
  38  4:10  Barracks  
  38  4:13  Barracks Reactor  
  38  4:15  SCV x2  
  38  4:16  SCV  
  41  4:25  Marine  
  41  4:27  SCV  
  41  4:28  Terran Infantry Weapons Level 1  
  43  4:34  SCV x2  
  43  4:38  Barracks Reactor  
  44  4:40  SCV  
  44  4:43  Widow Mine, Marine  
  44  4:46  SCV  
  44  4:53  SCV  
  44  4:56  Marine x2, SCV  
  44  4:58  SCV  
  49  5:01  Marine  
  49  5:05  SCV, Barracks Reactor  
  51  5:08  Engineering Bay, SCV  
  51  5:10  SCV  
  51  5:13  Starport  
  53  5:24  Supply Depot  
  53  5:25  Supply Depot  
  53  5:26  Supply Depot  
  53  5:27  Factory Reactor, Marine x4  
  57  5:32  SCV x3  
  57  5:35  Refinery x2  
  60  5:37  Refinery  
  60  5:39  Missile Turret  
  60  5:40  Terran Infantry Armor Level 1  
  60  5:41  Refinery  
  60  5:43  Marine  
  60  5:46  Marine x6  
  67  5:50  Barracks Reactor  
  67  5:55  Barracks  
  67  5:56  Supply Depot, Barracks  
  67  5:57  Supply Depot  
  67  5:59  Starport Reactor  
  67  6:01  Marine  
  67  6:03  Marine x3  
  71  6:07  Missile Turret  
  71  6:08  Supply Depot  
  71  6:10  Supply Depot  
  71  6:11  Widow Mine x2  
  71  6:13  Marine x2  
  71  6:14  Marine  
  78  6:19  Combat Shields, Marine  
  78  6:21  Marine x2, Armory  
  78  6:22  Marauder  
  83  6:31  Marine x3  
  86  6:36  Marine  
  86  6:38  Marine, SCV x3  
  86  6:39  Widow Mine x2, Marine x3  
  94  6:43  Marauder  
  94  6:45  Supply Depot x2  
  100  6:49  Marine x3  
  100  6:51  Barracks Reactor  
  100  6:52  Barracks Reactor  
  103  6:54  Marine  
  103  6:56  Marine x2  
  103  6:57  Marine  
  107  7:03  Medivac x2  
  107  7:05  Marauder  
  113  7:10  Widow Mine x2  
  113  7:13  Terran Infantry Weapons Level 2  
  117  7:16  Supply Depot, Marine  
  117  7:17  Supply Depot, Marine x7  
  125  7:26  Marauder  
  125  7:28  Marine x2  
  125  7:29  Marine  
  130  7:30  Command Center  
  130  7:31  Marine  
  130  7:34  Marine x2  
  133  7:37  Marine x3  
  133  7:38  Widow Mine  
  138  7:55  Marine  
  138  7:56  Marine x12  
  148  8:04  Medivac  
  144  8:13  Marine  
  144  8:14  Marine x4  
  145  8:24  Marine  
  145  8:25  Marauder, Marine x6  
  145  8:26  Widow Mine  
  144  8:31  Marine  
  144  8:32  Marine x4  
  145  8:41  SCV x3  
  141  8:42  Orbital Command, Marine x2  
  141  8:43  Marine  
  141  8:46  Medivac x2  
  147  8:53  SCV  
  148  9:01  Marine  
  148  9:02  Marine x9  
Show
View Real Time Build Order
Export as new Build Order

Triss Protoss 

Build Orders: Oracle Opening 

Get SALT Encoding   

  12  0:01  Probe (Chrono Boost)  
  13  0:12  Probe (Chrono Boost)  
  14  0:19  Pylon  
  14  0:22  Probe (Chrono Boost)  
  15  0:37  Gateway, Probe (Chrono Boost)  
  16  0:47  Probe (Chrono Boost)  
  16  0:48  Assimilator  
  17  0:59  Probe (Chrono Boost)  
  18  1:10  Probe (Chrono Boost)  
  19  1:20  Pylon, Probe (Chrono Boost)  
  19  1:25  Cybernetics Core  
  20  1:29  Assimilator  
  20  1:31  Probe (Chrono Boost)  
  21  1:41  Probe (Chrono Boost)  
  21  1:43  Zealot  
  24  1:52  Probe (Chrono Boost)  
  24  2:09  Stargate  
  24  2:20  Warp Gate (Chrono Boost)  
  24  2:52  Oracle (Chrono Boost)  
  27  2:59  Gateway  
  27  3:02  Nexus  
  27  3:04  Pylon, Gateway  
  27  3:24  Oracle (Chrono Boost)  
  30  3:33  Adept  
  32  3:47  Pylon, Stalker  
  34  3:51  Stalker  
  30  4:53  Probe (Chrono Boost)  
  30  4:54  Probe (Chrono Boost)  
  30  4:55  Stalker x2  
  30  4:56  Stalker  
  38  5:04  Probe (Chrono Boost)  
  38  5:05  Probe (Chrono Boost)  
  40  5:13  Void Ray (Chrono Boost)  
  44  5:15  Probe x2 (Chrono Boost)  
  46  5:25  Probe (Chrono Boost)  
  46  5:26  Probe (Chrono Boost)  
  48  5:31  Forge  
  48  5:32  Assimilator  
  48  5:34  Probe (Chrono Boost)  
  48  5:36  Probe (Chrono Boost)  
  48  5:39  Protoss Air Weapons Level 1  
  50  5:44  Probe  
  50  5:48  Probe  
  52  5:52  Void Ray (Chrono Boost)  
  52  5:55  Probe  
  57  6:00  Probe  
  58  6:05  Probe  
  58  6:06  Protoss Ground Weapons Level 1 (Chrono Boost)  
  59  6:12  Pylon, Probe  
  59  6:18  Probe  
  61  6:21  Assimilator  
  61  6:24  Probe  
  61  6:25  Void Ray  
  62  6:30  Probe  
  67  6:36  Probe  
  68  6:42  Probe  
  68  6:43  Nexus  
  68  6:44  Pylon  
  69  6:48  Probe  
  70  6:57  Pylon  
  70  6:58  Pylon  
  70  7:01  Gateway  
  70  7:02  Probe x2  
  70  7:04  Gateway  
  70  7:07  Void Ray  
  76  7:18  Sentry x3  
  82  7:42  Stalker  
  82  7:43  Stalker  
  82  8:09  Stalker  
  82  8:10  Stalker x2  
Show
View Real Time Build Order
Export as new Build Order

Hiro Zerg 

Build Orders: Hatch First, Muta Ling Bane 

Get SALT Encoding   

  12  0:01  Drone  
  13  0:13  Overlord  
  13  0:19  Drone  
  14  0:32  Drone x2  
  17  0:35  Drone  
  17  0:57  Hatchery  
  17  1:00  Drone  
  17  1:03  Extractor  
  16  1:04  Drone  
  17  1:23  Spawning Pool  
  17  1:25  Drone  
  17  1:26  Drone  
  18  1:34  Drone  
  19  2:00  Drone x2  
  21  2:10  Queen  
  21  2:13  Metabolic Boost  
  21  2:15  Queen  
  25  2:20  Overlord  
  25  2:29  Drone x3  
  28  2:38  Zergling x2  
  28  2:40  Zergling x2  
  30  2:51  Drone x2  
  30  2:52  Drone  
  30  2:58  Baneling Nest  
  32  3:09  Drone x4  
  36  3:14  Overlord  
  36  3:27  Overlord x2, Extractor  
  36  3:32  Lair, Extractor x2  
  33  3:38  Drone x4  
  37  3:43  Drone  
  37  3:44  Drone x2  
  40  3:50  Hatchery  
  40  3:51  Drone  
  40  3:52  Drone  
  41  3:59  Drone x3  
  41  4:00  Drone  
  45  4:03  Overlord  
  45  4:34  Baneling x2  
  45  4:35  Baneling x2  
  45  4:41  Drone x3  
  45  4:42  Evolution Chamber  
  45  4:44  Evolution Chamber  
  46  4:49  Overseer  
  46  4:52  Drone  
  47  4:54  Overlord x4  
  47  4:55  Spire  
  44  5:08  Zergling x24  
  44  5:12  Drone  
  57  5:18  Zerg Ground Armor Level 1, Zerg Melee Weapons Level 1  
  57  5:19  Centrifical Hooks  
  57  5:23  Zergling x4  
  59  5:31  Drone  
  59  5:32  Drone x2  
  62  5:36  Drone x2  
  62  5:38  Extractor  
  62  5:39  Queen  
  65  5:44  Drone x4  
  65  5:45  Drone  
  65  5:46  Drone  
  71  5:51  Extractor  
  71  5:53  Drone x2  
  71  5:54  Drone  
  70  6:08  Drone x2  
  70  6:09  Drone x4  
  73  6:16  Zergling x10  
  73  6:17  Zergling x2  
  79  6:22  Overlord x2  
  79  6:28  Zergling x2  
  79  6:29  Zergling x2  
  79  6:31  Zerg Flyer Weapons Level 1  
  81  6:33  Zergling x2  
  81  6:36  Overlord  
  81  6:39  Hatchery  
  81  6:42  Zergling x8  
  81  6:43  Zergling x2  
  86  6:50  Zergling x10  
  90  7:08  Zergling x10  
  91  7:23  Overlord  
  91  7:24  Mutalisk x8  
  107  7:32  Mutalisk  
  108  7:47  Zergling x6  
  108  7:48  Zergling x16  
  102  7:59  Baneling x8  
  102  8:00  Baneling x5  
  102  8:04  Queen  
  102  8:05  Mutalisk x3  
  94  8:06  Mutalisk x5  
  104  8:16  Zergling x2  
  104  8:17  Zergling x4  
  86  8:37  Zergling x2  
  86  8:38  Zergling x22  
Tags
 
Add a new tag
Caveats
  • Supply blocks, unpowered buildings, or Contaminate may cause inaccurate times.
  • Supply counts are checked every 10 seconds.